 Dungeon Crawl Stone Soup version 0.20.0-4-g10b340a (webtiles) character file.

523 Gorglomux the Skirmisher (level 7, 0/37 HPs)
             Began as a Vine Stalker Fighter on May 27, 2017.
             Was an Elder of Uskayaw.
             Slain by an ogre
             ... wielding a +0 giant club
              (20 damage)
             ... on level 4 of the Dungeon.
             The game lasted 00:03:05 (2542 turns).

Gorglomux the Skirmisher (Vine Stalker Fighter)     Turns: 2542, Time: 00:03:06

Health: 0/37       AC:  9    Str: 18    XL:     7   Next: 22%
Magic:  0/8        EV:  6    Int:  5    God:    Uskayaw [****..]
Gold:   211        SH:  9    Dex: 16    Spells: 6/6 levels left

rFire    . . .     SeeInvis .   a - +0 rapier
rCold    . . .     Gourm    .   c - +0 shield
rNeg     + . .     Faith    .   q - +0 chain mail (curse)
rPois    .         Spirit   +   (no helmet)
rElec    .         Reflect  .   (no cloak)
rCorr    .         Harm     .   (no gloves)
MR       .....                  (no boots)
Stlth    ..........             (no amulet)
Regen    0.6/turn               i - -3 ring of intelligence (curse)
MPRegen  0.2/turn               J - ring of positive energy

@: no status effects
A: fangs 2, regeneration 1, magic shield, antimagic bite, no potion heal 3, rot
immunity
a: Stomp, Line Pass, Renounce Religion


You were on level 4 of the Dungeon.
You worshipped Uskayaw.
Uskayaw was noncommittal.
You were not hungry.

You visited 2 branches of the dungeon, and saw 5 of its levels.

You collected 211 gold pieces.

Inventory:

Hand Weapons
 a - a +0 rapier (weapon)
Armour
 b - a +0 scale mail
 c - a +0 shield (worn)
 q - a cursed +0 chain mail (worn)
Jewellery
 i - a cursed -3 ring of intelligence (left hand)
 J - a ring of positive energy (right hand)
Wands
 I - a wand of iceblast (7/15)
Scrolls
 h - 4 scrolls of enchant weapon {unknown}
 k - a scroll of magic mapping {unknown}
 l - 5 scrolls of identify {unknown}
 m - a scroll of random uselessness {unknown}
 p - a scroll of teleportation {unknown}
 s - 3 scrolls of remove curse {unknown}
 t - 2 scrolls of noise {unknown}
 w - a scroll of immolation {unknown}
 N - a scroll of amnesia {unknown}
Potions
 d - a potion of might
 j - a potion of agility {unknown}
 n - a potion of mutation {unknown}
 u - a potion of resistance {unknown}
 v - 2 potions of magic {unknown}
 A - 2 potions of brilliance {unknown}
 K - a potion of flight {unknown}
 M - a potion of curing {unknown}
 O - a potion of cancellation {unknown}
Comestibles
 f - 4 bread rations
 o - 7 fruits
 r - a royal jelly
 z - 2 meat rations
 L - 5 chunks of flesh


   Skills:
 + Level 4.1 Fighting
 + Level 3.3 Short Blades
 + Level 3.5 Armour
 + Level 2.4 Dodging
 + Level 4.0 Shields
 + Level 0.8 Invocations


You had 6 spell levels left.
You didn't know any spells.

Dungeon Overview and Level Annotations

Branches:
Dungeon (4/15)             Temple (1/1) D:4

Altars:
Cheibriados
Dithmenos
Gozag
Makhleb
Qazlal
Ru
Sif Muna
Trog
Uskayaw
Vehumet
Xom
Yredelemnul
Zin


Innate Abilities, Weirdness & Mutations

You have extremely sharp teeth.
Your natural rate of healing is unusually fast.
When hurt, damage is shared between your health and your magic reserves.
Your bite disrupts and absorbs the magic of your enemies.
Potions cannot restore your health.
You are immune to rotting.


Message History

The helpless howler monkey fails to defend itself.
You puncture the howler monkey!
You kill the howler monkey!
Your Shields skill increases to level 4!
An ogre comes into view. It is wielding a giant club.
The ogre shouts!
You hit the ogre.
The ogre is lightly wounded.
The ogre hits you with a giant club!!
Uskayaw will force your foes to share their pain.
You hit the ogre. You bite the ogre, but do no damage.
The ogre is moderately wounded.
You block the ogre's attack.
Unknown command.
An ogre is nearby!
You hit the ogre. You bite the ogre, but do no damage.
The ogre is heavily wounded.
The ogre hits you with a giant club!!
Ouch! That really hurt!
You die...

####### #.....###
#.......### ##
#.....#...# .#
#.....###.######.#####
###)###
#...##.......#. #.#
###.##....[.... ...
#.# #.#.........# #.#
#.# #.#..@O.....# #.#
# #.# #.#.##.....##
#.# # #.# #...# .#####
#.# ## #.# ####.$[...#
#.# .###.#
#.........## #.#
..#..##...######.#
####.## #...##... #.#
##.....## ##..#..# #.#
##.......## ##..#..#
#.# #.........#


You could see an ogre.

Vanquished Creatures
  A scorpion (D:4)
  A howler monkey (D:4)
  A hound (D:4)
  2 orc priests
  5 orc wizards
  Jessica (D:3)
  A worker ant (D:4)
  5 adders
  4 oozes
  A worm (D:3)
  3 dart slugs
  3 leopard geckos
  17 orcs
  2 giant cockroaches
  5 goblins
  4 hobgoblins
  2 jackals (D:4)
  2 quokkas
  A ball python (D:1)
  5 bats
  4 frilled lizards
  4 kobolds
  10 rats
84 creatures vanquished.

Notes
Turn   | Place    | Note
-------+----------+-------------------------------------------
     0 | D:1      | Gorglomux the Vine Stalker Fighter began the quest for the Orb.
     0 | D:1      | Reached XP level 1. HP: 11/11 MP: 2/2
    43 | D:1      | Reached XP level 2. HP: 16/16 MP: 3/3
   152 | D:1      | Reached skill level 3 in Fighting
   377 | D:1      | Reached XP level 3. HP: 20/20 MP: 4/4
   449 | D:1      | Reached skill level 1 in Dodging
   733 | D:2      | Reached skill level 3 in Shields
   733 | D:2      | Gained mutation: Your natural rate of healing is unusually fast. [Vine Stalker growth]
   733 | D:2      | Reached XP level 4. HP: 24/24 MP: 5/5
   910 | D:2      | Found a burning altar of Makhleb.
   910 | D:2      | Found a shimmering altar of Xom.
   911 | D:2      | Found a stormy altar of Qazlal.
  1155 | D:3      | Reached XP level 5. HP: 28/28 MP: 6/6
  1198 | D:3      | Reached skill level 3 in Armour
  1594 | D:3      | Noticed Jessica
  1601 | D:3      | Killed Jessica
  1601 | D:3      | Reached XP level 6. HP: 33/33 MP: 7/7
  1660 | D:3      | Found an opulent altar of Gozag.
  1864 | D:4      | Found a staircase to the Ecumenical Temple.
  1913 | Temple   | Entered the Ecumenical Temple
  2158 | Temple   | Became a worshipper of Uskayaw the Reveler
  2213 | D:4      | Reached * piety under Uskayaw
  2218 | D:4      | Reached ** piety under Uskayaw
  2222 | D:4      | Reached *** piety under Uskayaw
  2223 | D:4      | Reached skill level 3 in Short Blades
  2227 | D:4      | Reached **** piety under Uskayaw
  2268 | D:4      | Reached ***** piety under Uskayaw
  2477 | D:4      | Reached XP level 7. HP: 29/37 MP: 6/8
  2542 | D:4      | Slain by an ogre

Skill      XL: |  1  2  3  4  5  6  7 |
---------------+----------------------+-----
Short Blades   | 2 3 |  3.3
Fighting       | 3 4 |  4.1
Dodging        | 1 2 |  2.4
Shields        | 3 4 |  4.0
Armour         | 3 |  3.5
Invocations    | |  0.8

Action                   |  1- 3 |  4- 6 |  7- 9 || total
-------------------------+-------+-------+-------++-------
Melee: Rapier            |    83 |   176 |    18 ||   277
       Bite              |    20 |    61 |     6 ||    87
 Stab: Paralysed         |       |     3 |     1 ||     4
  Eat: Chunk             |       |     5 |     1 ||     6
Armor: Scale mail        |    35 |       |       ||    35
       Chain mail        |    12 |    94 |     4 ||   110
Dodge: Dodged            |    20 |    49 |     4 ||    73
Block: Shield            |    40 |    89 |     8 ||   137
